 Dungeon Crawl Stone Soup version 0.13-a0-2676-gd993d8a (webtiles) character file.

99 Rycklaryybbe the Grave Robber (level 3, -1/26 HPs)
             Began as a Demigod Necromancer on Aug 12, 2013.
             Slain by a rat (3 damage)
             ... on Level 2 of the Dungeon.
             The game lasted 00:03:19 (1455 turns).

Rycklaryybbe the Grave Robber (Demigod Necromancer) Turns: 1455, Time: 00:03:19

HP  -1/26        AC  3     Str 11      XL: 3   Next: 25%
MP   1/9         EV 11     Int 24      God:
Gold 54          SH  0     Dex 17      Spells:  2 memorised,  5 levels left

Res.Fire  : . . .   See Invis. : .   e - -1,-2 dwarf dagger (curse)
Res.Cold  : . . .   Warding    : .   g - +0 elf leather armour
Life Prot.: . . .   Conserve   : .   (no shield)
Res.Poison: .       Res.Corr.  : .   (no helmet)
Res.Elec. : .       Clarity    : .   (no cloak)
Sust.Abil.: . .     Spirit.Shd : .   (no gloves)
Res.Mut.  : .       Stasis     : .   (no boots)
Res.Rott. : .       Flight     : .   (no amulet)
Saprovore : . . .                    (no ring)
                                     k - +4 ring of intelligence

@: slightly resistant to hostile enchantments, fairly stealthy
A: no striking features
a: no special abilities


You were on level 2 of the Dungeon.
You were not hungry.

You visited 1 branch of the dungeon, and saw 2 of its levels.

You collected 34 gold pieces.

Inventory:

Hand weapons
 e - a cursed -1,-2 dwarven dagger (weapon)
 n - a +0,+0 short sword
Armour
 a - a +0 robe
 g - a +0 elven leather armour (worn)
Comestibles
 c - 3 bread rations
 h - a choko
 j - a pear
 o - a rotting chunk of goblin flesh
Scrolls
 d - a scroll of fear {unknown}
 f - a scroll of noise {unknown}
 l - a scroll of enchant weapon II {unknown}
 p - a scroll of identify {unknown}
Jewellery
 k - a +4 ring of intelligence (left hand)
Potions
 i - 2 potions of restore abilities {unknown}
 m - 2 potions of heal wounds {unknown}
 q - 2 potions of brilliance {unknown}
 r - a potion of paralysis {unknown}
Books
 b - a book of Necromancy

   Spells                             Type                      Level
   *Pain                              Necromancy                   1
   *Animate Skeleton                  Necromancy                   1
   Lethal Infusion                    Charms/Necromancy            2
   Vampiric Draining                  Necromancy                   3
   Regeneration                       Charms/Necromancy            3
   Animate Dead                       Necromancy                   4
   Control Undead                     Necromancy                   4


   Skills:
 - Level 1.7 Dodging
 - Level 1.7 Stealth
 * Level 2.6 Spellcasting
 + Level 3.8 Necromancy


You had 5 spell levels left.
You knew the following spells:

 Your Spells              Type           Power        Failure   Level  Hunger
a - Pain                  Necr           ###.         2%          1    None
b - Animate Skeleton      Necr           N/A          2%          1    None


Dungeon Overview and Level Annotations

Branches:
Dungeon (2/27)


Message History

Casting: Pain
Confirm with . or Enter, or press ? or * to list all spells.
You don't have enough magic to cast that spell.
Casting: Pain
Confirm with . or Enter, or press ? or * to list all spells.
Aiming: Pain
Press: ? - help, Shift-Dir - straight line, f - goblin
Aim: a goblin The goblin convulses in agony!
The goblin barely misses you.
Casting: Pain
Confirm with . or Enter, or press ? or * to list all spells.
Aiming: Pain
Press: ? - help, Shift-Dir - straight line, f/p - goblin
Aim: a goblin (moderately wounded)
The goblin resists.
The goblin misses you. The rat closely misses you.
You barely miss the rat. The rat bites you.
You die...

#..<......#.########
#..###.#.^#......... ###
#......#..########## #..
#.........# #.# ###.#####.####
##.#########.........#
#.............####...#
##.#.#..###############...##.##
............)..r@g...............
####.#..###..##########....#.##.
.............# #....# #
######.###....... ..##.# #.#
...#.### .### %# . #........# .
.. #.....#.r# . .## #.#...#..# .
###.


You could see a goblin and a rat.

Vanquished Creatures
  Terence (D:2)
  6 bats
  A giant cockroach (D:1)
  4 goblins (D:1)
  2 hobgoblins
  A quokka (D:2)
  A ball python (D:1)
  2 giant geckos (D:1)
  A giant newt (D:1)
  6 kobolds
  6 rats
31 creatures vanquished.

Vanquished Creatures (collateral kills)
  A goblin (D:1)
  A bat (D:1)
2 creatures vanquished.

Grand Total: 33 creatures vanquished

Notes
Turn   | Place    | Note
--------------------------------------------------------------
     0 | D:1      | Rycklaryybbe, the Demigod Necromancer, began the quest for the Orb.
     0 | D:1      | Reached XP level 1. HP: 14/14 MP: 5/5
    55 | D:1      | Learned a level 1 spell: Animate Skeleton
   331 | D:1      | Reached XP level 2. HP: 5/20 MP: 2/6
  1402 | D:2      | Noticed Terence
  1424 | D:2      | Killed Terence
  1424 | D:2      | Reached XP level 3. HP: 3/26 MP: 1/9
  1455 | D:2      | Slain by a rat

Action                   || total
-------------------------++-------
Melee: Dagger            ||    30
 Cast: Pain              ||    48
       Animate Skeleton  ||     1
